 Dungeon Crawl Stone Soup version 0.30-a0-953-g5f1da4a474 (webtiles) character file.

Game seed: 10018841994692785995

391 retardedninja the Covered (level 6, -1/55 HPs)
             Began as an Armataur Fighter on Mar 28, 2023.
             Constricted to death by Blork the orc (2 damage)
             ... on level 4 of the Dungeon.
             The game lasted 00:04:14 (2546 turns).

retardedninja the Covered (Armataur Fighter)        Turns: 2546, Time: 00:04:14

Health: -1/55      AC: 11    Str: 23    XL:     6   Next: 50%
Magic:  6/6        EV:  1    Int:  8    God:
Gold:   167        SH:  4    Dex: 10    Spells: 5/5 levels left

rFire   . . .      SeeInvis .    a - +0 war axe
rCold   . . .      Faith    .    c - +0 buckler
rNeg    . . .      Spirit   .    m - +0 plate armour
rPois   .          Reflect  .    e - +0 helmet
rElec   .          Roll     +    (no cloak)
rCorr   .                        (no gloves)
Will    .....                    (no barding) Stlth
                                 j - amulet of the acrobat
HPRegen 0.29/turn                (no ring)
MPRegen 0.10/turn                (no ring)

@: mighty, grasped by roots, constricted
A: large, rugged brown scales 3, deformed body, armoured tail, roll, long
tongue, awkward tongue
a: no special abilities


You were on level 4 of the Dungeon.
You visited 1 branch of the dungeon, and saw 4 of its levels.

You collected 167 gold pieces.

Inventory:

Hand Weapons
 a - a +0 war axe (weapon)
Armour
 c - a +0 buckler (worn)
 e - a +0 helmet (worn)
 m - a +0 plate armour (worn)
Jewellery
 j - an amulet of the acrobat (around neck)
 n - a ring of wizardry
Wands
 x - a wand of digging (1)
Scrolls
 b - 2 scrolls of enchant weapon {unknown}
 f - 3 scrolls of identify
 h - a scroll of immolation {unknown}
 i - 2 scrolls of silence {unknown}
 k - 3 scrolls of teleportation {unknown}
 o - 2 scrolls of blinking {unknown}
 p - a scroll of fear {unknown}
 r - a scroll of fog {unknown}
 v - 2 scrolls of magic mapping {unknown}
 w - a scroll of vulnerability {unknown}
Potions
 g - a potion of berserk rage {unknown}
 l - a potion of lignification
 q - a potion of invisibility {unknown}
 s - a potion of haste
 t - a potion of magic {unknown}
 u - a potion of heal wounds {unknown}
 z - a potion of attraction {unknown}


   Skills:
 + Level 3.8 Fighting
 * Level 3.8 Axes
 + Level 5.1 Armour
 + Level 4.6 Shields


You had 5 spell levels left.
You didn't know any spells.
Your spell library was empty.

Dungeon Overview and Level Annotations

Branches:
Dungeon (4/15)
 Temple: D:4-7

Altars:

Shops:
D:2 [

Annotations:
D:3 1 runed translucent door, Crazy Yiuf
D:4 Blork the orc


Innate Abilities, Weirdness & Mutations

You are completely covered in rugged brown scales. (AC +3, +7% HP)
Armour fits poorly on your strangely shaped body.
You have a long armoured tail.
You roll when moving toward enemies. (Rampage)
Your long tongue fully drains potion bottles. (2x potion effects)
Your tongue gives you trouble enunciating. (1.5x scroll delay)


Message History

You block Blork the orc's attack. The grasping roots constrict you.
Unknown command.
You barely miss Blork the orc.
Blork the orc is heavily wounded.
You hit the orc.
Blork the orc drinks a potion.
Blork the orc is healed!
The grasping roots constrict you. The orc completely misses you.
Blork the orc hits you but does no damage.
The grasping roots constrict you. The orc hits you but does no damage.
The grasping roots release their grip on you.
Unknown command.
You feel very mighty all of a sudden.
You slurp down every last drop of the potion of might!
Blork the orc looks braver for a moment.
The orc hits you but does no damage.
Blork the orc zaps a wand.
The roots erupt in riotous growth!
The grasping roots grab you!
Blork the orc is unaffected.
The orc is unaffected.
The grasping roots constrict you.
Unknown command.
You barely miss Blork the orc.
Blork the orc is lightly wounded.
You closely miss the orc.
Blork the orc hits you with a +0 morningstar.
The grasping roots constrict you.
* * * LOW HITPOINT WARNING * * *
An endoplasm comes into view.
The orc hits you but does no damage. You block Blork the orc's attack.
The grasping roots constrict you.
* * * LOW HITPOINT WARNING * * *
You slash Blork the orc! You tail-slap Blork the orc!
Blork the orc is almost dead.
You slash the orc!
You kill the orc!
Blork the orc hits you but does no damage.
The grasping roots constrict you.
* * * LOW HITPOINT WARNING * * *
Blork the orc hits you with a +0 morningstar!
* * * LOW HITPOINT WARNING * * *
The grasping roots constrict you.
You die...

###....>##..###
........>#..## #.#
###.......... ##J#
##...###..#.##.#
###.####..#.##.#
#...[..#.......#
#.####.#..#.##.#
#.#.......#.##)####
# #.##.#.##...@o..#
.. ...#.#..[.....#
#.....##.#..##.#..#
#..... #^......#..#
#[.... ###..#.## .#
#..... #..#.# .#
###### #..... #
####.## #.#


You could see Blork the orc (fast) and an endoplasm.

Vanquished Creatures
  Sigmund (D:3)
  A jelly (D:4)
  Jessica (D:2)
  Robin (D:2)
  8 gnolls
  A worm (D:2)
  2 dart slugs (D:1)
  3 orcs
  3 ball pythons
  3 endoplasms
  3 giant cockroaches
  12 hobgoblins
  8 jackals (D:2)
  3 quokkas
  2 bats
  4 frilled lizards
  11 goblins
  10 kobolds
  6 rats
83 creatures vanquished.

Vanquished Creatures (others)
  A fungus (D:2)
1 creature vanquished.

Grand Total: 84 creatures vanquished

Notes
Turn   | Place    | Note
-------+----------+-------------------------------------------
     0 | D:1      | retardedninja the Armataur Fighter began the quest for the
                  | Orb.
     0 | D:1      | Reached XP level 1. HP: 19/19 MP: 1/1
   138 | D:1      | Reached XP level 2. HP: 26/26 MP: 2/2
   695 | D:2      | Reached skill level 4 in Armour
   695 | D:2      | Reached XP level 3. HP: 33/33 MP: 3/3
   834 | D:2      | Reached XP level 4. HP: 38/40 MP: 4/4
   914 | D:2      | Found Otahem's Antique Armour Shop.
  1286 | D:2      | Noticed Robin
  1295 | D:2      | Killed Robin
  1492 | D:2      | Noticed Jessica
  1494 | D:2      | Killed Jessica
  1495 | D:2      | Reached XP level 5. HP: 44/48 MP: 5/5
  1980 | D:3      | Found a faded altar of an unknown god.
  2078 | D:3      | Noticed Sigmund
  2088 | D:3      | Killed Sigmund
  2089 | D:3      | Reached skill level 5 in Armour
  2089 | D:3      | Reached XP level 6. HP: 41/55 MP: 6/6
  2410 | D:3      | Found a runed translucent door.
  2411 | D:3      | Noticed Crazy Yiuf
  2534 | D:4      | Noticed Blork the orc
  2546 | D:4      | HP: 1/55 [Blork the orc/+0 morningstar (10)]
  2546 | D:4      | Constricted to death by Blork the orc

Illustrated notes

Levels and vault maps discovered:
D:1:      saegor_arrival_simple_b, layout_basic, serial_corexii_hall,
          corexii_hall_statues_i, chequers_hall_statues_y
D:2:      layout_loops_cross, serial_shops, shop, minmay_misc_feat_plants,
          uniq_robin, uniq_jessica
D:3:      layout_loops_ring, hellmonk_ecumenical_altar_lost_god,
          uniq_crazy_yiuf_cottage, uniq_sigmund
D:4:      layout_loops_cross, chequers_ossuary_entry_cave,
          nicolae_concentric_dashed_squares_wild, uniq_blork_the_orc

Skill      XL: |  1  2  3  4  5 |
---------------+----------------+-----
Axes           | 2 3 |  3.8
Fighting       | 3 |  3.8
Armour         | 4 5 |  5.1
Shields        | 4 |  4.6

Action                     |  1- 3 |  4- 6 || total
---------------------------+-------+-------++-------
  Melee: War axe           |    58 |   125 ||   183
         Tailslap          |     8 |    11 ||    19
    Use: Potion            |       |     3 ||     3
         Scroll            |       |     2 ||     2
 Armour: Scale mail        |    28 |       ||    28
         Plate armour      |     8 |    84 ||    92
  Dodge: Dodged            |    20 |    39 ||    59
  Block: Buckler           |     6 |    37 ||    43

Table legend: (Time is in decaauts)
 A = Elapsed time spent in this place.
 B = Non-inter-level travel time spent in this place.
 C = Inter-level travel time spent in this place.
 D = Time resting spent in this place.
 E = Time spent auto-exploring this place.
 F = Levels seen in this place.
 G = Mean time per level.
                   A        B        C        D        E       F      G
               +--------+--------+--------+--------+--------+-----+--------+
         Total |   2618 |   2555 |     63 |    350 |   1681 |   4 |  654.5 |
       Dungeon |   2618 |   2555 |     63 |    350 |   1681 |   4 |  654.5 |
               +--------+--------+--------+--------+--------+-----+--------+

Top non-repeatable levels by time:
     D:2: 937 daAuts
     D:3: 867 daAuts
     D:1: 705 daAuts
     D:4: 107 daAuts
